 Dungeon Crawl Stone Soup version 0.31.0-32-g396128a36d (webtiles) character file.

Game seed: 8713907832100990014

10623 Fractals the Fighter (level 11, -1/98 HPs)
             Began as a Human Fighter on Apr 3, 2024.
             Was a Priest of the Shining One.
             Slain by a skyshark (6 damage)
             ... on level 1 of the Lair of Beasts.
             The game lasted 00:28:54 (10619 turns).

Fractals the Fighter (Human Fighter)               Turns: 10619, Time: 00:28:54

Health: -1/98      AC: 15    Str: 18    XL:     11   Next: 65%
Magic:  26/26      EV:  9    Int: 10    God:    the Shining One [***...]
Gold:   571        SH:  5    Dex: 12    Spells: 10/10 levels left

rFire   . . .        j - +2 flail (protect)
rCold   . . .        c - +0 buckler
rNeg    + . .        s - +1 chain mail
rPois   +            (no helmet)
rElec   .            (no cloak)
rCorr   .            B - +1 pair of gloves of Omission {rPois Regen+ MP+9 Dex-2}
SInv    .            I - +1 pair of boots
Will    .....        (no amulet) Stlth
                     (no ring)
HPRegen 1.16/turn    (no ring)
MPRegen 0.20/turn

%: no passive effects
@: glowing
A: explore regen
a: Renounce Religion, Divine Shield, Cleansing Flame


You were on level 1 of the Lair of Beasts.
You worshipped the Shining One.
The Shining One was most pleased with you.
You visited 3 branches of the dungeon, and saw 12 of its levels.

You collected 599 gold pieces.
You spent 28 gold pieces at shops.

Inventory:

Hand Weapons
 b - a +1 short sword of holy wrath
 e - a +0 hand axe of flaming
 j - a +2 flail of protection (weapon)
 q - a +0 war axe
 y - a +3 mace
Missiles
 w - 6 javelins (quivered)
Armour
 c - a +0 buckler (worn)
 s - a +1 chain mail (worn)
 B - the +1 pair of gloves of Omission (worn) {rPois Regen+ MP+9 Dex-2}
   (You found it on level 5 of the Dungeon)

   Dex-2:     It affects your dexterity (-2).
   rPois:     It protects you from poison MP+9: It affects your magic capacity
   (+9).
   Regen+:    It increases your rate of health regeneration.
 I - a +1 pair of boots (worn)
Jewellery
 z - a +4 ring of protection
Wands
 p - a wand of flame (30)
 r - a wand of iceblast (7)
Scrolls
 a - a scroll of blinking
 d - 2 scrolls of amnesia
 f - a scroll of teleportation
 g - 3 scrolls of enchant armour
 h - 3 scrolls of poison
 i - a scroll of silence
 k - 4 scrolls of identify
 x - 2 scrolls of revelation
 C - a scroll of enchant weapon
 G - a scroll of immolation
 L - a scroll of fear
Potions
 l - 3 potions of ambrosia
 n - a potion of heal wounds
 o - 4 potions of haste
 A - 2 potions of cancellation
 D - a potion of magic
 F - a potion of berserk rage
 H - 2 potions of lignification


   Skills:
 + Level 13.3 Fighting
 - Level 6.0 Maces & Flails
 - Level 5.0 Armour
 + Level 4.6 Dodging
 - Level 5.0 Shields
 + Level 9.2 Invocations


You had 10 spell levels left.
You didn't know any spells.
Your spell library contained the following spells:

 Spells                   Type           Power      Damage    Failure   Level
 Gell's Gravitas          Tloc           0%         N/A       100%        3
 Teleport Other           Tloc           0%         N/A       100%        3
 Tukima's Dance           Hex            0%         N/A       100%        3
 Dimensional Bullseye     Hex/Tloc       0%         N/A       100%        4
 Iskenderun's Mystic Bla  Conj/Tloc      0%         2d3       100%        4
 Summon Forest            Summ/Tloc      0%         N/A       100%        5
 Summon Mana Viper        Hex/Summ       0%         N/A       100%        5
 Dispersal                Tloc           0%         N/A       100%        6
 Summon Cactus Giant      Summ           0%         N/A       100%        6


Dungeon Overview and Level Annotations

Branches:
Dungeon (9/15)             Temple (1/1) D:4            Lair (2/5) D:9
 Spider (0/4) Lair:2
  Swamp: Lair:2-3    Shoals: Lair:2-3       Orc: D:9-12

Altars:
Ashenzari
Cheibriados
Dithmenos
Elyvilon
Fedhas
Gozag
Hepliaklqana
Kikubaaqudgha
Makhleb
Nemelex Xobeh
Okawaru
Qazlal
Ru
Sif Muna
Trog
Uskayaw
Vehumet
Wu Jian
Xom
Zin
The Shining One

Shops:
D:1 ?   D:2 *[=

Annotations:
D:9 1 runed translucent door, Eolas's ghost, journeyman GrFi


Innate Abilities, Weirdness & Mutations

You regain HP and MP as you explore.


Message History

A skyshark comes into view.
Found 4 poisoned darts.
The bullfrog hits you but does no damage.
The bullfrog attacks as it pursues you! The bullfrog hits you.
The skyshark attacks as it pursues you! The skyshark bites you!
The skyshark tastes blood and grows stronger!
The skyshark tail-slaps you but does no damage.
The skyshark tail-slaps you. The skyshark bites you.
The skyshark enters a blood-rage!
The skyshark closely misses you. The skyshark tail-slaps you!
The skyshark attacks as it pursues you! The skyshark barely misses you.
The skyshark tail-slaps you! The skyshark tail-slaps you.
The skyshark rages.
The skyshark attacks as it pursues you!
The skyshark bites you but does no damage.
The skyshark tail-slaps you but does no damage.
The skyshark tail-slaps you. You block the skyshark's attack.
The skyshark tail-slaps you. The skyshark tail-slaps you!
The bullfrog snags a nearby baby bat with its tongue.
The skyshark misses you.
The skyshark tail-slaps you but does no damage.
The skyshark tail-slaps you! The skyshark bites you.
* * * LOW HITPOINT WARNING * * *
The skyshark barely misses you. You block the skyshark's attack.
There is a stone staircase leading up here.
Unknown command.
The bullfrog barely misses you. The skyshark closely misses you.
The skyshark tail-slaps you!
* * * LOW HITPOINT WARNING * * *
The skyshark tail-slaps you.
* * * LOW HITPOINT WARNING * * *
The bullfrog closely misses you.
You climb upwards.
There is a stone staircase leading down here.
The skyshark bites you!!
* * * LOW HITPOINT WARNING * * *
The skyshark tail-slaps you but does no damage. x2
The skyshark bites you.
You die...

#...............####..
#...............##....
#.######..##....##.... #.##
#######..........
#.P###.######...##....
#.'...F...# #...##....
#..#...>..# #...#.....
####.###F##.####...##.##.
♣♣~.#..#.@##.# #....#.#.#.
##♣♣P....#.#'#.'####.........
#~~~~........................
#~≈≈~........................
#~~~~P.......................
##~♣~........................
##~~~#......................
######.....................
#..##.#.#####..##.###P.


You could see a skyshark (berserk) and a bullfrog.

Vanquished Creatures
  3 death yaks (D:9)
  2 black mambas (Lair:1)
  2 vault sentinels
  A cane toad (Lair:1)
  2 komodo dragons (Lair:1)
  A polar bear (Lair:1)
  3 hornets
  Prince Ribbit (D:5)
  4 yaks (Lair:1)
  2 wraiths (D:9)
  A wyvern (D:9)
  6 steam dragons
  4 water moccasins
  2 orc warriors
  An ice beast (D:6)
  2 black bears
  2 ogres
  4 bullfrogs
  5 scorpions
  14 wights
  9 killer bees
  The ghost of Valrug the Apothecary, a weakling DsAl (D:3)
  5 howler monkeys
  3 jellies
  A bombardier beetle (D:4)
  5 hounds
  3 orc priests
  2 sleepcaps (D:6)
  3 gnoll boudas
  Ijyb (D:3)
  6 orc wizards
  A hell rat (D:9)
  Natasha (D:2)
  6 adders
  16 gnolls
  A shadow imp (D:7)
  2 white imps
  4 ufetubi
  A dart slug (D:1)
  3 ribbon worms
  38 orcs
  6 ball pythons
  5 bats
  10 endoplasms
  2 giant cockroaches (D:2)
  7 goblins
  6 hobgoblins
  19 jackals
  11 quokkas
  5 frilled lizards
  A kobold (D:2)
  5 rats
251 creatures vanquished.

Vanquished Creatures (others)
  A steam dragon (D:7)
1 creature vanquished.

Grand Total: 252 creatures vanquished

Notes
Turn   | Place    | Note
-------+----------+-------------------------------------------
     0 | D:1      | Fractals the Human Fighter began the quest for the Orb.
     0 | D:1      | Reached XP level 1. HP: 18/18 MP: 1/1
   146 | D:1      | Found Xairos Foju's Magic Scroll Boutique.
   150 | D:1      | Reached XP level 2. HP: 24/24 MP: 2/2
   156 | D:1      | Bought a scroll of identify for 28 gold pieces
   576 | D:2      | Found Epalebbu's General Store.
   609 | D:2      | Reached XP level 3. HP: 22/29 MP: 3/3
   853 | D:2      | Found Ivvejum's Jewellery Shoppe.
   893 | D:2      | Reached skill level 4 in Fighting
   893 | D:2      | Reached XP level 4. HP: 25/37 MP: 4/4
   966 | D:2      | Found Lehesk's Antique Armour Boutique.
  1194 | D:2      | Noticed Natasha
  1199 | D:2      | Killed Natasha
  1363 | D:3      | Found a faded altar of an unknown god.
  1499 | D:3      | Found a runed translucent door.
  1500 | D:3      | Noticed Valrug's ghost (weakling DsAl)
  1544 | D:3      | Reached XP level 5. HP: 40/43 MP: 5/5
  1613 | D:3      | Found a stormy altar of Qazlal.
  1669 | D:3      | Noticed Ijyb
  1690 | D:3      | Killed Ijyb
  1922 | D:3      | Reached skill level 5 in Fighting
  1922 | D:3      | Reached XP level 6. HP: 16/51 MP: 6/6
  2517 | D:3      | Reached skill level 5 in Armour
  2550 | D:3      | Reached XP level 7. HP: 38/56 MP: 7/7
  2628 | D:3      | Reached skill level 6 in Fighting
  3191 | D:3      | Killed Valrug's ghost
  3733 | D:4      | Identified the +1 robe of Whack-A-Mole {rF- rC+ Slay+5}
  3830 | D:4      | Reached XP level 8. HP: 62/65 MP: 8/8
  3852 | D:4      | Reached skill level 7 in Fighting
  3852 | D:4      | Reached skill level 1 in Dodging
  4046 | D:4      | Found a staircase to the Ecumenical Temple.
  4060 | Temple   | Entered the Ecumenical Temple
  4074 | Temple   | Became a worshipper of the Shining One
  4644 | D:5      | Entered Level 5 of the Dungeon
  4887 | D:5      | Noticed Prince Ribbit
  4900 | D:5      | Killed Prince Ribbit
  4901 | D:5      | Reached skill level 8 in Fighting
  5091 | D:5      | Found Xeynuze's Armour Shop.
  5157 | D:5      | Identified the +1 pair of gloves of Omission {rPois Regen+
                  | MP+9 Dex-2}
  5570 | D:6      | Found a broken altar of Ashenzari.
  5586 | D:6      | Found a bloodstained altar of Trog.
  5595 | D:6      | Reached skill level 9 in Fighting
  5808 | D:6      | Reached XP level 9. HP: 76/76 MP: 9/9
  5834 | D:6      | Found an ancient bone altar of Kikubaaqudgha.
  6019 | D:6      | Found an ornate altar of the Wu Jian Council.
  6197 | D:7      | Reached skill level 10 in Fighting
  6277 | D:6      | Reached * piety under the Shining One
  6306 | D:7      | Noticed a hornet
  6317 | D:6      | Killed a hornet
  6318 | D:6      | Reached skill level 1 in Invocations
  6486 | D:6      | Reached skill level 5 in Shields
  6577 | D:7      | Noticed a vault sentinel
  6577 | D:7      | Noticed a vault sentinel
  6741 | D:6      | Killed a vault sentinel
  6742 | D:6      | Reached skill level 11 in Fighting
  6774 | D:7      | Reached XP level 10. HP: 87/88 MP: 13/13
  7181 | D:7      | Killed a vault sentinel
  7182 | D:7      | Reached skill level 5 in Invocations
  7226 | D:7      | Found the +18 shield of the Gong {Loud rN+ Will+ rCorr
                  | EV-5}
  8138 | D:8      | Reached ** piety under the Shining One
  8285 | D:9      | Reached skill level 5 in Maces & Flails
  8395 | D:9      | Reached skill level 12 in Fighting
  8494 | D:9      | Paralysed by a hornet for 3 turns
  8500 | D:9      | Paralysed by a hornet for 1 turns
  8573 | D:9      | Found a radiant altar of Vehumet.
  8747 | D:9      | Noticed a death yak
  8761 | D:9      | Noticed a death yak
  8765 | D:9      | Noticed a death yak
  8775 | D:9      | Killed a death yak
  8776 | D:9      | Reached XP level 11. HP: 46/96 MP: 16/16
  8783 | D:9      | Killed a death yak
  8791 | D:9      | Killed a death yak
  8846 | D:9      | Found a staircase to the Lair.
  9028 | D:9      | Found a burning altar of Makhleb.
  9046 | D:9      | Found a white marble altar of Elyvilon.
  9048 | D:9      | Found a runed translucent door.
  9048 | D:9      | Noticed a deep elf zephyrmancer
  9049 | D:9      | Noticed Eolas's ghost (journeyman GrFi)
  9392 | Lair:1   | Entered Level 1 of the Lair of Beasts
  9428 | Lair:1   | Identified the +5 flail of Intimidation {heavy, ^Drain
                  | rPois Int+5}
  9511 | Lair:1   | Reached skill level 13 in Fighting
  9944 | Lair:1   | HP: 4/98 [komodo dragon (12)]
 10549 | Lair:2   | Found a hole to the Spider Nest.
 10554 | Lair:2   | Reached *** piety under the Shining One
 10603 | Lair:2   | Noticed a skyshark
 10617 | Lair:1   | HP: 3/98 [skyshark (18)]
 10619 | Lair:1   | Slain by a skyshark

Illustrated notes

Levels and vault maps discovered:
D:1:      minmay_arrival_jagged, layout_basic, serial_shops,
          nicolae_diamond_shop
D:2:      layout_rooms, serial_shops, nicolae_shop_stone, shop, shop,
          chequers_serial_rivers_marsh, minmay_small_reverse_x, uniq_natasha
D:3:      lemuel_castle_with_subvaults [lemuel_castle_interior_carwin_2],
          layout_basic, mainiacjoe_overflow_boulevard, gammafunk_ghost_grave,
          dreamdust_ecumenical_altar_angels_and_demons, uniq_ijyb
D:4:      layout_gridville, minmay_temple_entry_large_hall, serial_bayou,
          serial_bayou_lagoon_a, serial_bayou_pond_d, serial_bayou_shore_a,
          serial_bayou_crossing
D:5:      layout_basic, serial_shops, nicolae_shop_pleasant_corner_grove,
          uniq_prince_ribbit1
D:6:      layout_loops_ring, overflow_temple_1_default,
          mainiacjoe_overflow_surrounded_room, nzn_wu_jian_council_hall,
          nicolae_overflow_crystal_walls
D:7:      layout_rooms, hellmonk_guarded_unrand_gong
D:8:      layout_loops_corners
D:9:      layout_basic, vehumet_altar_wand_db, kennysheep_mini,
          mainiacjoe_overflow_small_starburst, dpeg_lair_monsters,
          ebering_ghost_inner_flame
Temple:   nicolae_temple_figure_eight
Lair:1:   layout_regular_city, serial_bayou_shore_b, grunt_megastairs_4
Lair:2:   layout_cave_pods, minmay_shoals_entry_hut,
          nicolae_spider_entry_tight_spaces, beast_lair_carwin_2

Skill      XL: |  1  2  3  4  5  6  7  8  9 10 11 |
---------------+----------------------------------+-----
Fighting       | 4 5 6 9 11 12 13 | 13.3
Shields        | 4 5 |  5.0
Armour         | 4 5 |  5.0
Maces & Flails | 4 6 |  6.0
Dodging        | 3 4 |  4.6
Invocations    | 4 7 9 |  9.2

Action                     |  1- 3 |  4- 6 |  7- 9 | 10-12 || total
---------------------------+-------+-------+-------+-------++-------
  Melee: Flail             |   128 |   209 |   348 |   436 ||  1121
 Invoke: Divine Shield     |       |       |     1 |     2 ||     3
  Evoke: Wand              |       |       |     1 |       ||     1
    Use: Scroll            |       |     2 |     9 |    15 ||    26
         Potion            |       |     4 |     3 |     4 ||    11
 Armour: Scale mail        |   116 |    59 |       |       ||   175
         Chain mail        |       |   164 |   300 |   468 ||   932
  Dodge: Dodged            |    89 |   101 |   116 |   189 ||   495
  Block: Buckler           |    35 |    75 |    88 |   118 ||   316
